 Dungeon Crawl Stone Soup version 0.30-a0-760-g5a9884bb7c (webtiles) character file.

Game seed: 6364820330048827991

6 Mickster the Magician (level 1, -3/14 HPs)
             Began as a Demigod Wanderer on Feb 10, 2023.
             Slain by a hobgoblin (4 damage)
             ... on level 1 of the Dungeon.
             The game lasted 00:06:13 (295 turns).

Mickster the Magician (Demigod Wanderer)             Turns: 295, Time: 00:06:13

Health: -3/14      AC:  3    Str: 14    XL:     1   Next: 60%
Magic:  7/7        EV: 11    Int: 15    God:
Gold:   0          SH:  0    Dex: 11    Spells: 7/7 levels left

rFire   . . .      SeeInvis .    i - staff of earth
rCold   . . .      Faith    .    (no shield)
rNeg    . . .      Spirit   .    d - +0 robe
rPois   .          Reflect  .    (no helmet)
rElec   .          Harm     .    (no cloak)
rCorr   .          Rampage  .    (no gloves)
Will    .....                    b - +0 pair of boots
Stlth   ++                       (no amulet)
HPRegen 0.22/turn                (no ring)
MPRegen 0.10/turn                (no ring)

@: no status effects
A: high MP 1, forlorn, divine attributes
a: no special abilities


You were on level 1 of the Dungeon.
You visited 1 branch of the dungeon, and saw 1 of its levels.

Inventory:

Hand Weapons
 a - a +0 club
 g - a +0 dagger
Missiles
 f - 5 stones
 h - 4 boomerangs (quivered)
Armour
 b - a +0 pair of boots (worn)
 d - a +0 robe (worn)
Magical Staves
 i - a staff of earth (weapon)
Scrolls
 j - 2 scrolls of teleportation
Potions
 e - a potion of attraction


   Skills:
 + Level 1.8 Stealth
 + Level 1.8 Unarmed Combat
 + Level 3.8 Spellcasting
 + Level 1.0 Evocations


You had 7 spell levels left.
You didn't know any spells.
Your spell library contained the following spells:

 Spells                   Type           Power      Damage    Failure   Level
 Apportation              Tloc           4%         N/A       19%         1
 Shock                    Conj/Air       8%         1d3       19%         1
 Scorch                   Fire           4%         2d5       28%         2
 Spider Form              Tmut/Pois      2%         N/A       50%         3


Dungeon Overview and Level Annotations

Branches:
Dungeon (1/15)


Innate Abilities, Weirdness & Mutations

You have an increased reservoir of magic. (+10% MP)
You shall have no god before yourself.
Your divine heritage dramatically boosts your attributes as you level up.


Message History

Found a crooked glowing staff.
A kobold comes into view. It is wielding a +0 whip.
Found 4 stones and a scroll labelled TUCURYMAEG.
You see here a staff of earth.
i - a staff of earth
i - a staff of earth (weapon)
Found 3 scrolls labelled FIWKORR UL PIY.
The kobold shouts!
You hear a shout!
A hobgoblin comes into view.
The hobgoblin shouts!
You completely miss the kobold. The kobold barely misses you.
You hit the kobold but do no damage. The kobold hits you with a +0 whip.
You closely miss the kobold. The kobold hits you but does no damage.
A quokka comes into view.
You barely miss the kobold. The kobold closely misses you.
The kobold completely misses you.
You closely miss the kobold. The hobgoblin hits you.
The kobold hits you but does no damage.
You barely miss the kobold. The hobgoblin barely misses you.
The kobold hits you with a +0 whip.
You hit the kobold.
The kobold is moderately wounded.
The hobgoblin closely misses you. The kobold closely misses you.
You hit the kobold but do no damage.
The kobold is moderately wounded.
The kobold closely misses you. The hobgoblin barely misses you.
The quokka barely misses you.
You hit the kobold.
You kill the kobold!
The hobgoblin hits you but does no damage.
The quokka barely misses you. The hobgoblin hits you.
You hit the hobgoblin.
The hobgoblin is almost dead.
The quokka misses you. The quokka bites you. The hobgoblin hits you.
* * * LOW HITPOINT WARNING * * *
As you read the scroll of fog, it crumbles to dust.
The scroll dissolves into smoke.
The quokka bites you.
* * * LOW HITPOINT WARNING * * *
The hobgoblin hits you.
You die...

.# ######.# ## #......#
#.###### #.# #.########
#........#. #......(.?.
##.§§§....#.
#.§§@g...... ########
#..§§r....#. ~P.PP#<#
#......§§....#
.P≈.P#.#........?.....#
P.≈≈≈#.#...##..########
P≈.....#... ...#
≈.~.~~≈#.. ....#
.≈..≈≈.#. ..#..#
~P.~~.~#


You could see a quokka and a hobgoblin.

Vanquished Creatures
  A goblin (D:1)
  A hobgoblin (D:1)
  A ball python (D:1)
  A bat (D:1)
  A frilled lizard (D:1)
  A kobold (D:1)
  A rat (D:1)
7 creatures vanquished.

Notes
Turn   | Place    | Note
-------+----------+-------------------------------------------
     0 | D:1      | Mickster the Demigod Wanderer began the quest for the Orb.
     0 | D:1      | Mickster set off with the following items: a +0 club, a +0
                  | pair of boots, a scroll of fog, a +0 robe, a potion of
                  | attraction; and the following spells available to memorise:
                  | Apportation, Shock, Scorch, Spider Form.
     0 | D:1      | Reached XP level 1. HP: 14/14 MP: 7/7
   295 | D:1      | Slain by a hobgoblin

Illustrated notes

Levels and vault maps discovered:
D:1:      lightli_arrival_flooded_house, layout_loops_ring

Action                     || total
---------------------------++-------
  Melee: Club              ||    18
         Staff             ||    10
  Throw: Boomerang         ||     1
    Use: Potion            ||     3
         Scroll            ||     2
 Armour: Robe              ||    11
  Dodge: Dodged            ||    31

Table legend: (Time is in decaauts)
 A = Elapsed time spent in this place.
 B = Non-inter-level travel time spent in this place.
 C = Inter-level travel time spent in this place.
 D = Time resting spent in this place.
 E = Time spent auto-exploring this place.
 F = Levels seen in this place.
 G = Mean time per level.
                   A        B        C        D        E       F      G
               +--------+--------+--------+--------+--------+-----+--------+
         Total |    302 |    302 |      0 |      0 |      0 |   1 |  302.0 |
       Dungeon |    302 |    302 |      0 |      0 |      0 |   1 |  302.0 |
               +--------+--------+--------+--------+--------+-----+--------+

Top non-repeatable levels by time:
     D:1: 302 daAuts
